 Dungeon Crawl Stone Soup version 0.25.0-15-gac7dcb8919 (webtiles) character file.

Game seed: 17109054818449317108

143472 Elvor the Severer (level 16, -14/144 HPs)
             Began as a Deep Dwarf Fighter on June 29, 2020.
             Was an Elder of Elyvilon.
             Demolished by an enormous slime creature (45 damage)
             ... on level 1 of the Swamp.
             The game lasted 05:01:17 (22854 turns).

Elvor the Severer (Deep Dwarf Fighter)             Turns: 22854, Time: 05:01:18

Health: -14/144    AC: 26    Str: 29    XL:     16   Next: 82%
Magic:  18/18      EV: 12    Int: 10    God:    Elyvilon [****..]
Gold:   2887       SH: 13    Dex: 12    Spells: 15/15 levels left

rFire    . . .     SeeInvis .   l - +0 scimitar (flame)
rCold    + + .     Gourm    .   c - +0 kite shield
rNeg     + . .     Faith    +   J - +3 plate armour {rC+}
rPois    +         Spirit   .   k - +1 helmet
rElec    .         Reflect  .   t - +1 cloak
rCorr    .         Harm     .   (no gloves)
MR       ++...                  q - +1 pair of boots
Stlth    ..........             D - amulet of faith
HPRegen  0.00/turn              O - ring "Bunlayf" {rC+ Str+3}
MPRegen  0.16/turn              Y - ring of poison resistance

@: very slightly contaminated, non-regenerating, studying Axes
A: damage resistance, heal wounds, blurry vision 2, frail 1, low mp 1, negative
energy resistance 1, sense surroundings 2, no regeneration
a: Heal Wounds, Lesser Healing, Heal Other, Purification, Greater Healing,
Divine Protection, Renounce Religion


You were on level 1 of the Swamp.
You worshipped Elyvilon.
Elyvilon was greatly pleased with you.
You were hungry.

You visited 6 branches of the dungeon, and saw 27 of its levels.
You visited the Abyss 1 time.
You also visited: Gauntlet and Ice Cave.

You collected 2887 gold pieces.

Inventory:

Hand Weapons
 l - a +0 scimitar of flaming (weapon)
 m - the +6 flail "Heidolaq" {elec, rElec rN+ Str-2}
   (You found it on level 1 of the Swamp)

   Occasionally, upon striking a foe, it will discharge some electrical energy
   and cause terrible harm.
   It affects your strength (-2).
   It insulates you from electricity.
   It protects you from negative energy.
 x - the +6 hand axe "Otighu" {freeze, rC+ rN+ MR+}
   (You found it on level 11 of the Dungeon)

   It has been specially enchanted to freeze those struck by it, causing extra
   injury to most foes and up to half again as much damage against particularly
   susceptible opponents.
   It can also slow down cold-blooded creatures.
   It protects you from cold.
   It protects you from negative energy.
   It affects your resistance to hostile enchantments.
 W - the +8 broad axe of Disarray {speed, +Rage Int+4 SInv}
   (You found it in an ice cave)

   Attacks with this weapon are significantly faster.
   It affects your intelligence (+4).
   It lets you see invisible.
   It lets you go berserk.
Missiles
 R - 10 silver javelins (quivered)
Armour
 c - a +0 kite shield (worn)
 k - a +1 helmet (worn)
 q - a +1 pair of boots (worn)
 t - a +1 cloak (worn)
 J - a +3 plate armour of cold resistance (worn)
Jewellery
 v - an uncursed ring of see invisible
 A - a +4 ring of slaying
 D - an amulet of faith (around neck)
 O - the ring "Bunlayf" (left hand) {rC+ Str+3}
   (You found it in a Gauntlet)

   [ring of protection from cold]

   It affects your strength (+3).
   It protects you from cold.
 Y - a ring of poison resistance (right hand)
Wands
 p - a wand of enslavement (21)
 E - a wand of iceblast (47)
 L - a wand of flame (54)
 M - a wand of acid (26)
 N - a wand of paralysis (28)
 Q - a wand of polymorph (4)
Scrolls
 a - 3 scrolls of fear
 b - 7 scrolls of remove curse
 d - 9 scrolls of amnesia
 j - 6 scrolls of teleportation
 o - 3 scrolls of blinking
 r - 4 scrolls of immolation
 w - a scroll of vulnerability {unknown}
 y - 3 scrolls of fog
 C - 2 scrolls of brand weapon
 H - 8 scrolls of enchant armour
 I - 3 scrolls of enchant weapon
 K - 3 scrolls of magic mapping
 P - a scroll of acquirement {unknown}
Potions
 e - 9 potions of curing
 g - a potion of might
 h - 6 potions of flight
 n - 3 potions of ambrosia
 s - 4 potions of haste
 u - 3 potions of brilliance
 z - 4 potions of lignification
 B - 3 potions of cancellation
 G - 3 potions of mutation {unknown}
 T - 3 potions of berserk rage {unknown}
 Z - a potion of resistance {unknown}
Books
 i - a manual of Axes
Miscellaneous
 S - a phial of floods
Comestibles
 f - 35 rations
 F - a chunk of flesh


   Skills:
 * Level 14.8 Fighting
 + Level 3.6 Long Blades
 + Level 17.8 Axes
 * Level 4.5 Throwing
 + Level 11.9 Armour
 + Level 10.3 Dodging
 + Level 1.0 Stealth
 + Level 12.3 Shields
 - Level 10.0 Invocations
 * Level 3.3 Evocations


You had 15 spell levels left.
You didn't know any spells.
Your spell library contained the following spells:

 Spells                   Type           Power        Failure   Level  Hunger
 Animate Skeleton         Necr           N/A          98%         1    ##.....
 Apportation              Tloc           #.....       98%         1    ##.....
 Beastly Appendage        Tmut           #.....       98%         1    ##.....
 Corona                   Hex            #......      98%         1    ##.....
 Freeze                   Ice            #...         98%         1    ##.....
 Sandblast                Erth           #.....       98%         1    ##.....
 Shock                    Conj/Air       #...         98%         1    ##.....
 Summon Small Mammal      Summ           #...         98%         1    ##.....
 Call Imp                 Summ           #.......     99%         2    ###....
 Ensorcelled Hibernation  Hex/Ice        #.....       99%         2    ###....
 Passwall                 Tmut/Erth      #.......     99%         2    ###....
 Poisonous Vapours        Pois/Air       #.....       99%         2    ###....
 Slow                     Hex            #.......     99%         2    ###....
 Sticks to Snakes         Tmut           #.......     99%         2    ###....
 Call Canine Familiar     Summ           #.......     100%        3    ####...
 Confusing Touch          Hex            #.......     100%        3    ####...
 Conjure Flame            Conj/Fire      #.......     100%        3    ####...
 Dazzling Flash           Conj/Hex       #.....       100%        3    ####...
 Frozen Ramparts          Ice            #.....       100%        3    ####...
 Inner Flame              Hex/Fire       #.......     100%        3    ####...
 Mephitic Cloud           Conj/Pois/Air  #.......     100%        3    ####...
 Ozocubu's Armour         Chrm/Ice       #.......     100%        3    ####...
 Portal Projectile        Hex/Tloc       #.....       100%        3    ####...
 Spider Form              Tmut/Pois      #.........   100%        3    ####...
 Static Discharge         Conj/Air       #.......     100%        3    ####...
 Stone Arrow              Conj/Erth      #.....       100%        3    ####...
 Summon Guardian Golem    Hex/Summ       #.......     100%        3    ####...
 Tukima's Dance           Hex            #.......     100%        3    ####...
 Cause Fear               Hex            #.........   100%        4    #####..
 Hailstorm                Conj/Ice       #.......     100%        4    #####..
 Ice Form                 Ice/Tmut       #.......     100%        4    #####..
 Iskenderun's Mystic Bla  Conj/Tloc      #.......     100%        4    #####..
 Leda's Liquefaction      Hex/Erth       #.........   100%        4    #####..
 Petrify                  Tmut/Erth      #.......     100%        4    #####..
 Summon Ice Beast         Ice/Summ       #.......     100%        4    #####..
 Summon Lightning Spire   Summ/Air       #.......     100%        4    #####..
 Blade Hands              Tmut           #.........   100%        5    ######.
 Bolt of Magma            Conj/Fire/Erth #.........   100%        5    ######.
 Iskenderun's Battlesphe  Conj/Chrm      #.......     100%        5    ######.
 Lee's Rapid Deconstruct  Erth           #.........   100%        5    ######.
 Freezing Cloud           Conj/Ice/Air   #.........   100%        6    #######
 Iron Shot                Conj/Erth      #.........   100%        6    #######
 Orb of Destruction       Conj           #.........   100%        7    #######
 Ring of Flames           Chrm/Fire      #.........   100%        7    #######
 Spellforged Servitor     Conj/Summ      #.........   100%        7    #######


Dungeon Overview and Level Annotations

Branches:
Dungeon (15/15)            Temple (1/1) D:4            Lair (6/6) D:10
  Swamp (2/4) Lair:4       Spider (1/4) Lair:2        Slime (0/5) Lair:6
    Orc (2/2) D:9             Elf (0/3) Orc:2        Vaults (0/5) D:13
 Depths (0/5) D:15          IceCv (visited)         Gauntlet (visited)

Altars:
Ashenzari
Cheibriados
Dithmenos
Elyvilon
Fedhas
Gozag
Hepliaklqana
Kikubaaqudgha
Makhleb
Nemelex Xobeh
Okawaru
Qazlal
Ru
Sif Muna
Trog
Uskayaw
Vehumet
Wu Jian
Xom
Yredelemnul
Zin
The Shining One
Beogh

Shops:
D:9 [   Orc:2 :%(%

Portals:
Pandemonium: Orc:2


Innate Abilities, Weirdness & Mutations

You are resistant to damage.
You can heal yourself by infusing magical energy.
You resist negative energy. (rN+)
You passively map the area around you.
You do not regenerate.
Scrolls take you longer to read.
You are frail. (-10% HP)
Your magical capacity is low. (-10% MP)


Message History

You block the slime creature's attack. x2
Two slime creatures merge to form a large slime creature.
The very large slime creature hits you but does no damage.
You enter the shallow water.
Moving in this stuff is going to be slow.
A very large slime creature splits.
Two slime creatures merge to form a very large slime creature.
The large slime creature hits you.
You enter the shallow water.
Moving in this stuff is going to be slow.
A very large slime creature splits.
Two slime creatures merge to form an enormous slime creature.
There is a stone staircase leading down here.
Really read with blurry vision while enemies are nearby?
You block the enormous slime creature's attack.
The slime creature hits you!
* * * LOW HITPOINT WARNING * * *
You begin reading the scroll.
You continue reading the scroll.
The enormous slime creature hits you!!!
You die...

.♣♣♣...≈≈≈≈≈≈.♣♣ ♣♣♣♣♣
≈.≈≈...≈≈≈≈≈≈).♣ ♣♣...♣♣ ♣♣
≈.≈.....≈≈≈)≈≈≈♣♣♣>≈≈.≈♣♣♣♣≈♣
.≈≈≈≈...§..[≈≈.≈♣.≈≈≈!......♣
≈♣♣♣♣..≈♣...≈≈..≈.≈≈≈≈≈≈..≈.♣♣
≈≈♣ ♣≈≈≈.♣♣.≈.♣≈..≈§≈≈≈≈..≈.≈♣
♣♣♣♣♣≈≈≈♣♣♣§≈♣♣♣.≈≈...≈...|.♣♣
♣.(≈.♣♣♣♣♣♣♣≈JJ.≈...[♣♣..♣ ♣
♣.≈≈.≈♣ ♣♣≈≈@..≈...§≈...♣ ♣
♣.≈≈..♣♣♣♣.≈...≈≈...♣.≈≈.♣ ♣
♣..≈...≈♣♣....≈≈≈.....≈≈.♣ ♣
♣≈.≈≈≈....§..≈≈≈≈≈≈..≈≈≈≈♣♣
♣♣♣.≈....≈≈.....≈≈...≈≈≈≈≈♣
♣♣..≈....≈≈..≈..≈≈..≈≈≈.♣
♣♣≈≈.....≈.♣♣≈..♣♣..≈.♣♣
♣♣.....≈♣♣♣♣≈≈≈♣♣♣...♣
♣♣♣♣.....≈♣♣♣≈≈≈.♣ ♣♣≈♣♣


You could see an enormous slime creature and a slime creature.

Vanquished Creatures
  Saint Roka (Orc:2)
  A tengu reaver (D:12)
  A frost giant (D:12)
  The ghost of ohados the Peltast, an adept TeAE of Vehumet (Orc:2)
  An ironheart preserver (D:13)
  A stone giant (Orc:1)
  2 entropy weavers
  A minotaur (Gauntlet)
  Snorg (Lair:5)
  The ghost of MisterOstroum the Black Sun, a journeyman KoNe of Kikubaaqudgha (Lair:5)
  An ettin (Orc:2)
  Fannar (D:12)
  Josephine (Swamp:1)
  15 hydras
  Harold (D:9)
  A hell beast (Gauntlet)
  2 ice dragons (D:15)
  3 centaur warriors
  4 alligators (Swamp:1)
  A death knight (D:14)
  2 dancing weapons (Abyss:3)
  3 two-headed ogres
  A tengu warrior (D:14)
  5 orc high priests (Orc:2)
  2 thrashing horrors
  A queen ant (Lair:5)
  A soul eater (Orc:2)
  Sonja (Orc:1)
  A sun demon (Orc:2)
  3 spectral death yaks (Lair:5)
  A fire crab (Gauntlet)
  A wretched star (Abyss:3)
  A sixfirhy (Abyss:2)
  A gelid demonspawn (Orc:2)
  4 unseen horrors
  A spectral hydra (Lair:5)
  2 swamp dragons (Swamp:1)
  2 torturous demonspawn (Orc:2)
  6 orc knights
  Pikel (D:5)
  7 orc sorcerers (Orc:2)
  5 ugly things
  2 oklob plants (Lair:5)
  5 manticores
  2 worldbinders (Abyss:3)
  Maurice (D:13)
  3 ice statues (IceCv)
  8 cyclopes
  2 smoke demons
  9 elephants
  A stone giant skeleton (Abyss:3)
  3 centaur zombies (D:15)
  8 black mambas
  A rime drake (Lair:1)
  7 gargoyles
  5 komodo dragons
  14 spiny frogs
  An efreet (D:9)
  2 freezing wraiths (D:14)
  A tengu conjurer (D:14)
  A yaktaur (D:15)
  2 ice devils (Lair:4)
  Maggie (Lair:2)
  A queen bee (Lair:2)
  3 hellwings (Abyss:3)
  4 polar bears (Lair:6)
  A red devil (Orc:2)
  12 hornets
  11 trolls
  10 blink frogs (Lair:5)
  6 slime creatures
  Grinder (D:4)
  6 hippogriffs
  5 dream sheep
  5 raiju
  4 bog bodies
  A centaur simulacrum (D:14)
  A spectral black mamba (Lair:5)
  A large abomination (Abyss:3)
  3 shadows
  4 water elementals (D:14)
  18 spriggans
  3 ynoxinuls
  3 redbacks (Lair:2)
  33 yaks
  A spriggan (shapeshifter) (Abyss:3)
  A vampire (D:13)
  5 small abominations
  4 humans (D:10)
  A basilisk (Lair:3)
  6 wraiths
  2 wyverns
  2 fire bats (Gauntlet)
  13 vampire mosquitoes
  5 chaos spawn
  7 neqoxecs
  8 wargs
  5 swamp worms
  10 insubstantial wisps
  A soldier ant (shapeshifter) (D:15)
  22 soldier ants
  A hell hound (Gauntlet)
  15 water moccasins
  8 porcupines
  Duvessa (D:6)
  11 ice beasts
  5 sky beasts
  A slave (D:5)
  2 swamp drakes (Swamp:1)
  35 orc warriors
  2 hornet zombies
  4 black bears
  3 eyes of draining
  A necrophage (D:13)
  10 ogres
  5 phantoms
  3 boggarts (Lair:6)
  22 wolves
  21 centaurs
  14 crocodiles
  4 big kobolds
  12 bullfrogs
  A gnoll sergeant (D:6)
  A water moccasin zombie (D:5)
  5 scorpions
  Dowan (D:6)
  37 killer bees
  2 electric eels (Lair:5)
  12 jellies
  A howler monkey (D:5)
  2 bullfrog zombies
  A torpor snail simulacrum (Lair:5)
  4 lava snakes (D:12)
  2 quasits (Orc:2)
  12 crimson imps
  A komodo dragon simulacrum (Lair:5)
  3 bullfrog skeletons
  9 centaur skeletons
  26 orc priests
  6 hounds
  An iron imp (Abyss:3)
  22 orc wizards
  Crazy Yiuf (D:7)
  Jessica (D:3)
  An iguana (D:10)
  30 worker ants
  Robin (D:2)
  A worker ant zombie (D:9)
  7 gnolls
  13 adders
  5 shadow imps
  4 oozes
  An adder skeleton (D:9)
  4 worms
  3 dart slugs
  5 leopard geckos
  77 orcs
  4 giant cockroaches
  11 goblins
  11 hobgoblins
  9 jackals (D:2)
  19 kobolds
  4 quokkas
  A ball python (D:7)
  5 bats
  7 frilled lizards
  2 quokka skeletons
  A quokka zombie (D:9)
  3 rats
  5 fungi
  8 plants
974 creatures vanquished.

Vanquished Creatures (others)
  Louise (Swamp:1)
  A thrashing horror (Abyss:3)
  An unseen horror (D:13)
  3 killer bees (Lair:2)
  A quasit (Orc:2)
  An orc wizard (Orc:1)
  2 fungi
  9 plants (Lair:5)
  11 starspawn tentacles
30 creatures vanquished.

Grand Total: 1004 creatures vanquished

Notes
Turn   | Place    | Note
-------+----------+-------------------------------------------
     0 | D:1      | Elvor the Deep Dwarf Fighter began the quest for the Orb.
     0 | D:1      | Reached XP level 1. HP: 20/20 MP: 1/1
    75 | D:1      | You fall into a shaft and drop 1 floor!
   110 | D:2      | Reached XP level 2. HP: 27/28 MP: 2/2
   149 | D:1      | Reached XP level 3. HP: 25/34 MP: 3/3
   912 | D:2      | Reached XP level 4. HP: 27/42 MP: 4/4
   937 | D:2      | Noticed Robin
   978 | D:2      | Killed Robin
   978 | D:2      | Reached skill level 3 in Axes
  1343 | D:3      | Reached XP level 5. HP: 13/50 MP: 5/5
  1621 | D:3      | Found a shimmering altar of Xom.
  1655 | D:3      | Noticed Jessica
  1669 | D:3      | Killed Jessica
  1669 | D:3      | Reached XP level 6. HP: 37/58 MP: 6/6
  1706 | D:3      | Reached skill level 4 in Axes
  2121 | D:4      | Noticed Grinder
  2129 | D:4      | Paralysed by Grinder for 5 turns
  2151 | D:4      | Paralysed by Grinder for 2 turns
  2167 | D:4      | Killed Grinder
  2167 | D:4      | Reached skill level 5 in Axes
  2167 | D:4      | Reached XP level 7. HP: 31/66 MP: 7/7
  2351 | D:4      | Found a staircase to the Ecumenical Temple.
  2384 | Temple   | Entered the Ecumenical Temple
  2462 | Temple   | Became a worshipper of Elyvilon the Healer
  2537 | D:5      | Entered Level 5 of the Dungeon
  2825 | D:5      | Reached * piety under Elyvilon
  2978 | D:5      | Reached skill level 5 in Fighting
  2978 | D:5      | Reached skill level 6 in Axes
  3153 | D:5      | Noticed Pikel
  3173 | D:5      | Killed Pikel
  3173 | D:5      | Reached skill level 7 in Axes
  3173 | D:5      | Reached skill level 5 in Armour
  3173 | D:5      | Reached skill level 5 in Shields
  3173 | D:5      | Reached XP level 8. HP: 32/75 MP: 7/7
  3591 | D:6      | Reached skill level 8 in Axes
  3591 | D:6      | Reached skill level 1 in Invocations
  3680 | D:6      | Reached ** piety under Elyvilon
  3938 | D:6      | Noticed Duvessa
  3940 | D:6      | Noticed Dowan
  3950 | D:6      | Killed Dowan
  3954 | D:6      | Killed Duvessa
  4148 | D:7      | Found a runed translucent door.
  4149 | D:7      | Noticed Crazy Yiuf
  4158 | D:7      | Killed Crazy Yiuf
  4336 | D:7      | Reached skill level 1 in Dodging
  4336 | D:7      | Gained mutation: You passively map the area around you.
                  | [Deep Dwarf growth]
  4336 | D:7      | Reached XP level 9. HP: 48/82 MP: 9/9
  4427 | D:7      | Reached skill level 9 in Axes
  4711 | D:7      | Reached *** piety under Elyvilon
  5014 | D:6      | Found a basalt altar of Yredelemnul.
  5175 | D:8      | Noticed a gargoyle
  5183 | D:8      | Killed a gargoyle
  5189 | D:8      | Noticed a gargoyle
  5198 | D:8      | Killed a gargoyle
  5205 | D:8      | Noticed a gargoyle
  5215 | D:8      | Killed a gargoyle
  5215 | D:8      | Reached skill level 10 in Axes
  5224 | D:8      | Noticed a gargoyle
  5234 | D:8      | Killed a gargoyle
  5240 | D:8      | Noticed a gargoyle
  5248 | D:8      | Killed a gargoyle
  5248 | D:8      | Reached XP level 10. HP: 65/94 MP: 9/11
  5252 | D:8      | Noticed a gargoyle
  5255 | D:8      | Killed a gargoyle
  5496 | D:8      | Found a bloodstained altar of Trog.
  5666 | D:8      | Reached **** piety under Elyvilon
  5864 | D:9      | Found a staircase to the Orcish Mines.
  5890 | D:9      | Reached skill level 11 in Axes
  5948 | D:9      | Noticed a two-headed ogre
  5949 | D:9      | Noticed Harold
  5965 | D:9      | Killed a two-headed ogre
  5983 | D:9      | Killed Harold
  6161 | D:9      | Found Exty Eperr's Antique Armour Shop.
  6439 | D:9      | Noticed a centaur warrior
  6466 | D:9      | Killed a centaur warrior
  6466 | D:9      | Reached XP level 11. HP: 86/106 MP: 11/13
  6492 | D:9      | Noticed a four-headed hydra
  6922 | D:9      | Paralysed by a centaur for 6 turns
  7036 | D:9      | Killed a seven-headed hydra
  7036 | D:9      | Reached skill level 12 in Axes
  7271 | D:10     | Entered Level 10 of the Dungeon
  7650 | D:10     | Killed an unseen horror
  7650 | D:10     | Reached skill level 10 in Fighting
  7677 | D:10     | Reached skill level 1 in Stealth
  7969 | D:10     | Found a staircase to the Lair.
  8022 | D:10     | Identified the +0 robe of Spite {rPois Str+2 Dex-3}
  8219 | D:11     | Reached XP level 12. HP: 108/116 MP: 13/13
  8304 | D:11     | Noticed a two-headed ogre
  8328 | D:11     | Killed a two-headed ogre
  8354 | D:11     | Reached skill level 13 in Axes
  8354 | D:11     | Reached skill level 5 in Invocations
  8497 | D:11     | Got a crystal hand axe
  8498 | D:11     | Identified the +6 hand axe "Otighu" {freeze, rC+ rN+ MR+}
                  | (You found it on level 11 of the Dungeon)
  9039 | Lair:1   | Entered Level 1 of the Lair of Beasts
  9665 | Lair:1   | Noticed a five-headed hydra
  9674 | Lair:1   | Killed a one-headed hydra
  9716 | Lair:1   | Reached ***** piety under Elyvilon
 10204 | Lair:2   | Noticed Maggie
 10302 | Lair:2   | Killed Maggie
 10383 | Lair:2   | Reached XP level 13. HP: 112/127 MP: 14/14
 10554 | Lair:2   | Reached skill level 10 in Shields
 10589 | Lair:2   | Found a hole to the Spider Nest.
 10601 | Spider:1 | Entered Level 1 of the Spider Nest
 10878 | Lair:3   | Reached skill level 14 in Axes
 11057 | Lair:3   | Reached skill level 1 in Long Blades
 11122 | Lair:3   | Reached skill level 10 in Armour
 11198 | Lair:3   | Got a pair of pitted boots
 11209 | Lair:3   | Identified the +0 pair of boots of the Blizzard {+Fly MR-
                  | Regen+} (You found it on level 3 of the Lair of Beasts)
 11723 | Lair:4   | Found a frozen archway.
 11750 | IceCv    | Entered an ice cave
 11944 | IceCv    | Got a fine broad axe
 11975 | IceCv    | Identified the +8 broad axe of Disarray {speed, +Rage Int+4
                  | SInv} (You found it in an ice cave)
 12060 | Lair:4   | Found a staircase to the Swamp.
 12080 | Lair:4   | Reached skill level 5 in Dodging
 12583 | Lair:5   | Noticed an entropy weaver
 12597 | Lair:5   | Killed an entropy weaver
 12607 | Lair:5   | Noticed an entropy weaver
 12639 | Lair:4   | Killed an entropy weaver
 12803 | Lair:5   | Found a runed translucent gate.
 12804 | Lair:5   | Found a runed translucent gate.
 12805 | Lair:5   | Found a runed translucent gate.
 12806 | Lair:5   | Noticed MisterOstroum's ghost (journeyman KoNe)
 12891 | Lair:5   | Gained mutation: You resist negative energy. (rN+) [Deep
                  | Dwarf growth]
 12891 | Lair:5   | Reached XP level 14. HP: 134/138 MP: 10/16
 13111 | Lair:5   | Reached skill level 15 in Axes
 13510 | Lair:5   | Killed MisterOstroum's ghost
 13576 | Lair:6   | Entered Level 6 of the Lair of Beasts
 13576 | Lair:6   | Noticed Snorg
 13592 | Lair:5   | Killed Snorg
 13801 | Lair:6   | Found a staircase to the Slime Pits.
 14024 | Lair:6   | Got a crystal mace
 14025 | Lair:6   | Identified the +7 mace "Fouch" {holy, *Drain Str+4 Int+3
                  | Stlth+} (You found it on level 6 of the Lair of Beasts)
 14065 | Lair:6   | Paralysed by a hornet for 2 turns
 14724 | Orc:1    | Entered Level 1 of the Orcish Mines
 14906 | Orc:2    | Entered Level 2 of the Orcish Mines
 14959 | Orc:1    | Noticed Sonja
 14972 | Orc:1    | Cast into level 2 of the Abyss (Sonja)
 15000 | Abyss:2  | Noticed a tentacled starspawn
 15073 | Abyss:2  | Gained mutation: Your magical capacity is low. (-10% MP) [a
                  | neqoxec]
 15122 | Abyss:2  | Noticed a reaper
 15218 | Abyss:2  | Noticed a bone dragon
 15335 | Abyss:2  | Reached ****** piety under Elyvilon
 15360 | Abyss:2  | HP: 4/98 [bone dragon (11)]
 15495 | Abyss:3  | Found a basalt altar of Yredelemnul.
 15538 | Abyss:3  | Noticed a tentacled starspawn
 15546 | Abyss:3  | Noticed a tentacled starspawn
 15595 | Abyss:3  | Reached XP level 15. HP: 55/148 MP: 12/12
 15601 | Abyss:3  | Gained mutation: Scrolls take you longer to read. [a
                  | neqoxec]
 15606 | Abyss:3  | Gained mutation: You are frail. (-10% HP) [a neqoxec]
 15692 | Abyss:3  | Noticed a revenant
 15752 | Abyss:3  | Reached skill level 16 in Axes
 15783 | Orc:1    | Escaped the Abyss
 15799 | Orc:1    | Killed Sonja
 15878 | Orc:1    | Found a shimmering blue altar of Sif Muna.
 15964 | Orc:1    | Found a roughly hewn altar of Beogh.
 16305 | Orc:2    | Found a transporter.
 16336 | Orc:2    | Noticed ohados's ghost (adept TeAE)
 16337 | Orc:2    | Found a staircase to the Elven Halls.
 16363 | Orc:2    | Found a transporter.
 16455 | Orc:2    | Found Pibbar's Food Shoppe.
 16457 | Orc:2    | Found Ceic's Food Emporium.
 16622 | Orc:2    | Noticed Saint Roka
 16649 | Orc:2    | Killed Saint Roka
 17315 | Orc:2    | Found Abbuid's Antique Weapon Boutique.
 17315 | Orc:2    | Found Doithe's Book Shop.
 17316 | Orc:2    | Found a one-way gate leading to the halls of Pandemonium.
 17422 | Orc:2    | Gained mutation: Scrolls take you longer to read. [a
                  | neqoxec]
 17434 | Orc:2    | Killed ohados's ghost
 17434 | Orc:2    | Reached skill level 1 in Throwing
 17458 | Orc:2    | Identified the Reference Book on Conjuration
 18119 | D:12     | Noticed Fannar
 18135 | D:12     | Killed Fannar
 18503 | D:12     | Noticed a tengu reaver
 18505 | D:12     | Noticed a frost giant
 18540 | D:12     | Killed a tengu reaver
 18540 | D:12     | Reached XP level 16. HP: 80/143 MP: 16/17
 18603 | D:12     | Got a bone battleaxe
 18614 | D:12     | Identified the cursed +0 battleaxe "Moedoeha" {protect,
                  | +Rage rPois rC+} (You found it on level 12 of the Dungeon)
 19115 | D:13     | Noticed Maurice
 19125 | D:13     | Killed Maurice
 19281 | D:13     | Reached skill level 17 in Axes
 19365 | D:13     | Found a gate to the Vaults.
 19415 | D:13     | Reached skill level 10 in Dodging
 20499 | D:15     | Entered Level 15 of the Dungeon
 20559 | D:15     | Found a gate leading to a gauntlet.
 20565 | Gauntlet | Entered a Gauntlet
 20565 | Gauntlet | Found a transporter.
 20565 | Gauntlet | Found a transporter.
 20565 | Gauntlet | Found a transporter.
 20576 | Gauntlet | Found a transporter.
 20579 | Gauntlet | Found a transporter.
 20588 | Gauntlet | Found a transporter.
 20590 | Gauntlet | Found a transporter.
 20601 | Gauntlet | Found a transporter.
 20616 | Gauntlet | Found a transporter.
 20633 | Gauntlet | Found a transporter.
 20636 | Gauntlet | Found a transporter.
 20646 | Gauntlet | Found a transporter.
 20824 | Gauntlet | Got a transparent turquoise ring
 20826 | Gauntlet | Identified the ring "Bunlayf" {rC+ Str+3} (You found it in
                  | a Gauntlet)
 20950 | Gauntlet | Got a faintly glowing ring mail
 20966 | Gauntlet | Identified the cursed +1 ring mail "Abytioni" {MR++} (You
                  | found it in a Gauntlet)
 21032 | D:15     | Reached skill level 10 in Invocations
 21279 | D:15     | Found a bloodstained altar of Trog.
 21463 | D:15     | Reached skill level 1 in Evocations
 21639 | D:15     | Found a staircase to the Depths.
 22025 | Swamp:1  | Entered Level 1 of the Swamp
 22077 | Swamp:1  | Got a bloodstained flail
 22082 | Swamp:1  | Noticed Josephine
 22096 | Swamp:1  | Killed Josephine
 22238 | Swamp:1  | HP: 6/144 [spriggan rider/+0 spear (8)]
 22309 | Swamp:1  | Identified the +6 flail "Heidolaq" {elec, rElec rN+ Str-2}
                  | (You found it on level 1 of the Swamp)
 22437 | Swamp:1  | Noticed Louise
 22444 | Swamp:1  | Killed Louise
 22854 | Swamp:1  | Demolished by an enormous slime creature

Illustrated notes

Levels and vault maps discovered:
D:1:      onia_arrival_mini_spirals, layout_basic, minmay_3d_cube
D:2:      layout_basic, minmay_pentomino_z4, uniq_robin
D:3:      layout_loops_cross, first_ration, led_xom_imps, uniq_jessica
D:4:      layout_cave_pools, minmay_temple_entry_offerings, serial_glass,
          glass_columns_a, glass_columns_c, glass_columns_a, glass_columns_b,
          glass_columns_c, glass_columns_b, glass_columns_c, glass_columns_c,
          glass_columns_b, glass_columns_a, glass_columns_a, glass_columns_b,
          glass_columns_a, glass_columns_c, uniq_grinder
D:5:      wander_river, layout_loops_ring, serial_bayou, serial_bayou_pond_d,
          serial_bayou_pond_c, serial_bayou_pond_c, serial_bayou_lagoon_a,
          serial_bayou_lake_a, minivault_27, uniq_pikel
D:6:      lemuel_upstairs_altar, layout_cave_pools, minmay_between, uniq_duvessa
D:7:      layout_loops_corners, uniq_crazy_yiuf_cottage
D:8:      cheibrodos_statue_roulette, layout_loops_ring, lemuel_crystal_altar
D:9:      hangedman_cross_veins, layout_cave_pods, serial_shops,
          nicolae_shop_behind_doors, uniq_harold
D:10:     layout_big_octagon, erik_lair_orcish_takeover, blue_anna_alchemist
          [blue_anna_fruit_fields, blue_anna_fruit_fields], minmay_ruffians
D:11:     layout_basic, item_on_display_a
D:12:     kennysheep_four_of_diamonds, layout_loops_ring, hangedman_decor_push,
          uniq_fannar
D:13:     layout_rooms, skrybe_vaults_entry_preservation,
          minmay_misc_feat_tower, minmay_liquid_box, uniq_maurice
D:14:     layout_irregular_city, nicolae_underground_beach
D:15:     grunt_enter_depths_hoard, layout_layer_cave, gauntlet_entry_generic,
          basic_altar, minivault_16
Temple:   grunt_wide_crystal_templ
Lair:1:   layout_layer_cave
Lair:2:   layout_roguey [special_room_bee], spider_nest_entry_webs, uniq_maggie
Lair:3:   layout_cave_pods
Lair:4:   layout_cave_shapes, minmay_swamp_entry_wisps,
          portal_ice_cave_demonic_guard, chequers_serial_rivers_marsh
Lair:5:   layout_regular_city, gammafunk_ghost_necromancy,
          hangedman_lair_unloving_vines, serial_bayou_ford_a, minivault_29,
          minmay_lair_oklob_chamber
Lair:6:   minmay_lair_end_enchanted_forest, layout_misc_corridors,
          minmay_slime_entry_pillars, st_stairs_4, uniq_snorg
Swamp:1:  layout_basic_swamp, evilmike_swamp_ruin_rubble_1, uniq_josephine,
          uniq_louise
Swamp:2:  layout_basic_swamp, nicolae_swamp_very_dense_foliage
Spider:1: layout_chambers, uniq_azrael, uniq_asterion, uniq_rupert, uniq_nikola,
          uniq_aizul
Orc:1:    nicolae_orc_accident_2, layout_caves, led_sif_book, uniq_sonja
Orc:2:    pf_orc_diabolical, layout_diamond_mine, gammafunk_ghost_stat_death,
          uniq_saint_roka

Skill      XL: |  1  2  3  4  5  6  7  8  9 10 11 12 13 14 15 16 |
---------------+-------------------------------------------------+-----
Fighting       | 3 4 5 6 7 9 10 11 12 13 14 | 14.8
Axes           | 3 5 7 8 10 11 12 13 14 15 16 17 | 17.8
Shields        | 4 5 6 7 8 9 10 11 12 | 12.3
Armour         | 4 5 6 7 8 9 10 11 | 11.9
Invocations    | 1 2 4 6 7 8 9 10 | 10.0
Dodging        | 1 3 6 8 9 10 | 10.3
Stealth        | 1 |  1.0
Long Blades    | 1 2 3 |  3.6
Throwing       | 2 4 |  4.5
Evocations     | 3 |  3.3

Action                   |  1- 3 |  4- 6 |  7- 9 | 10-12 | 13-15 | 16-18 || total
-------------------------+-------+-------+-------+-------+-------+-------++-------
Melee: War axe           |   206 |   220 |   338 |   570 |       |       ||  1334
       Scimitar          |       |       |       |     8 |    61 |    33 ||   102
       Falchion          |       |       |       |     3 |       |       ||     3
       Hand axe          |       |       |       |   281 |   201 |       ||   482
       Broad axe         |       |       |       |       |  1196 |   401 ||  1597
Throw: Dart              |       |       |       |     9 |    19 |       ||    28
Invok: Lesser Healing    |       |       |    25 |   121 |   272 |    70 ||   488
       Greater Healing   |       |       |       |     1 |    12 |     2 ||    15
 Abil: Heal Wounds       |     1 |     3 |     1 |     5 |     5 |     1 ||    16
Evoke: Wand              |       |       |       |     3 |       |       ||     3
  Use: Potion            |       |     1 |     5 |     5 |    11 |     2 ||    24
       Scroll            |       |       |     6 |    13 |     9 |    11 ||    39
  Eat: Chunk             |     1 |     4 |     8 |    23 |    49 |     7 ||    92
       Ration            |       |       |     2 |     4 |     7 |     5 ||    18
Armor: Scale mail        |    44 |       |       |       |       |       ||    44
       Plate armour      |   110 |   149 |   131 |   516 |   601 |   197 ||  1704
       Ring mail         |       |       |     1 |       |       |       ||     1
       Skin              |       |       |     1 |       |       |       ||     1
Dodge: Dodged            |    32 |    44 |    43 |   195 |   414 |   171 ||   899
Block: Kite shield       |   108 |   113 |   140 |   496 |   780 |   309 ||  1946
       Rpst.: Scimitar   |       |       |       |     1 |    11 |     8 ||    20
